 Dungeon Crawl Stone Soup version 0.31.0-11-ge490571c62 (webtiles) character file.

Game seed: 17915160489581649313

44 Arcadio the Chiller (level 3, -7/28 HPs)
             Began as a Naga Ice Elementalist on Jan 29, 2024.
             Mangled by a gnoll
             ... wielding a +0 flail
              (9 damage)
             ... on level 1 of the Dungeon.
             The game lasted 00:03:36 (1217 turns).

Arcadio the Chiller (Naga Ice Elementalist)         Turns: 1217, Time: 00:03:37

Health: -7/28      AC:  2    Str: 10    XL:     3   Next: 60%
Magic:  5/6        EV:  9    Int: 17    God:
Gold:   51         SH:  0    Dex: 11    Spells: 3/7 levels left

rFire   . . .        k - +0 dagger
rCold   . . .        (no shield)
rNeg    . . .        a - +0 robe
rPois   +            (no helmet)
rElec   .            (no cloak)
rCorr   .            (no gloves)
SInv    +            (no barding)
Will    .....        (no amulet)
Stlth   ++           (no ring)
HPRegen 0.24/turn    (no ring)
MPRegen 0.10/turn

%: no passive effects
@: very slow
A: AC +1, large, see invisible, deformed body, poison resistance, slowness 2,
spit poison 1, naga tail 1
a: Spit Poison


You were on level 1 of the Dungeon.
You visited 1 branch of the dungeon, and saw 2 of its levels.

You collected 51 gold pieces.

Inventory:

Hand Weapons
 k - a +0 dagger (weapon)
Armour
 a - a +0 robe (worn)
Scrolls
 c - 3 scrolls of torment {unknown}
 d - a scroll of fog {unknown}
 f - 3 scrolls of blinking {unknown}
 g - a scroll of identify {unknown}
 j - 2 scrolls of teleportation {unknown}
Potions
 b - a potion of magic
 e - a potion of brilliance {unknown}
 h - a potion of berserk rage {unknown}
 i - a potion of cancellation {unknown}
 l - a potion of resistance {unknown}
 m - a potion of lignification {unknown}


   Skills:
 - Level 1.5 Dodging
 + Level 4.3 Stealth
 + Level 2.5 Spellcasting
 + Level 4.4 Ice Magic


You had 3 spell levels left.
You knew the following spells:

 Your Spells              Type           Power      Damage    Failure   Level
a - Freeze                Ice            68%        1d8       3%          1
b - Frozen Ramparts       Ice            34%        1d6       9%          3

Your spell library contained the following spells:

 Spells                   Type           Power      Damage    Failure   Level
 Ozocubu's Armour         Ice            17%        N/A       9%          3
 Magic Dart               Conj           8%         1d3       19%         1
 Summon Ice Beast         Ice/Summ       9%         N/A       22%         3
 Blink                    Tloc           4%         N/A       28%         2
 Call Imp                 Summ           4%         N/A       28%         2
 Lesser Beckoning         Tloc           4%         N/A       28%         2
 Momentum Strike          Conj/Tloc      4%         3d8       28%         2
 Scorch                   Fire           4%         2d5       28%         2
 Tukima's Dance           Hex            2%         N/A       50%         3
 Flame Wave               Conj/Fire      2%         2d4       88%         4
 Passage of Golubria      Tloc           2%         N/A       88%         4
 Yara's Violent Unravell  Hex/Alch       1%         3d3       99%         5
 Summon Cactus Giant      Summ           1%         N/A       100%        6


Dungeon Overview and Level Annotations

Branches:
Dungeon (2/15)

Altars:
Makhleb

Shops:
D:1 (=


Innate Abilities, Weirdness & Mutations

Your serpentine skin is tough. (AC +1)
You have supernaturally acute eyesight. (SInv)
Armour fits poorly on your strangely shaped body.
Your system is resistant to poisons. (rPois)
You cover ground very slowly.
You can spit poison.
You have a snake-like lower body.


Message History

A gnoll comes into view. It is wielding a +0 spear.
The gnoll shouts! x2
Aiming: Spit Poison (2% risk of failure)
Press: ? - help, Q - select action, (/) - cycle Shift-Dir - straight line, f - gnoll
Aim: a gnoll, wielding a +0 halberd (65% to hit)
The splash of poison misses the gnoll.
The gnoll completely misses you. The gnoll attacks as it pursues you!
The gnoll hits you from afar with a +0 halberd!
The gnoll barely misses you. The gnoll attacks as it pursues you!
The gnoll barely misses you.
You have got your breath back.
The gnoll hits you from afar with a +0 halberd.
Casting: Freeze (safe; 3% risk of failure)
Confirm with . or Enter, or press ? or * to list all spells.
Okay, then.
The gnoll closely misses you.
There is a stone staircase leading up here.
The gnoll misses you.
You climb upwards.
There is a stone staircase leading down here.
You start resting.
HP restored.
You climb downwards.
The gnoll hits you with a +0 flail! The gnoll hits you with a +0 flail.
There is a stone staircase leading up here.
The gnoll hits you from afar with a +0 halberd!
* * * LOW HITPOINT WARNING * * *
The gnoll hits you but does no damage.
You climb upwards.
There is a stone staircase leading down here.
Casting: Frozen Ramparts (quite dangerous; 9% risk of failure)
Confirm with . or Enter, or press ? or * to list all spells.
Aiming: Freeze (safe; 3% risk of failure)
Press: ? - help, Shift-Dir - straight line, f - gnoll
Aim: a gnoll, wielding a +0 flail You freeze the gnoll.
The gnoll is lightly wounded.
The gnoll hits you with a +0 flail!
You die...

#........####.....#####...##..
####...####.#.......# #...# ..
########..#...#.......# #####
. #.......#...#.#.########
#.#####.###............#
#............##.######.####
#####..#)###.##.#...##....#
#..#.###...g#.#.#####.#
#.....#....@#.#######.#
######.#####.#####.#.......#
.....#.##....# #...#.#######
..##.#.##.#### #.###.#
..##.#.##.######.....#
#.#..#.##.##......####
..#.##.##.......#.##
........#....#..#..#
..........#####.##.#


You could see a gnoll.

Vanquished Creatures
  A ribbon worm (D:2)
  A dart slug (D:1)
  5 endoplasms
  2 giant cockroaches
  2 goblins
  3 hobgoblins
  2 jackals (D:1)
  4 kobolds
  2 quokkas
  A ball python (D:1)
  6 bats
  A frilled lizard (D:1)
  5 rats
35 creatures vanquished.

Notes
Turn   | Place    | Note
-------+----------+-------------------------------------------
     0 | D:1      | Arcadio the Naga Ice Elementalist began the quest for the
                  | Orb.
     0 | D:1      | Reached XP level 1. HP: 15/15 MP: 3/3
    14 | D:1      | Found Nusuwnae's Antique Weapon Shoppe.
    58 | D:1      | Found a faded altar of an unknown god.
   129 | D:1      | Found Betsuir's One-of-a-Kind Rings.
   304 | D:1      | Reached XP level 2. HP: 20/22 MP: 3/5
   680 | D:1      | Reached XP level 3. HP: 28/28 MP: 3/6
   684 | D:1      | Learned a level 3 spell: Frozen Ramparts
   723 | D:1      | You fall into a shaft and drop 1 floor!
  1038 | D:2      | Found a burning altar of Makhleb.
  1215 | D:2      | HP: 1/28 [gnoll/+0 halberd (13)]
  1217 | D:1      | Mangled by a gnoll

Illustrated notes

Levels and vault maps discovered:
D:1:      dpeg_arrival_pits, layout_basic, serial_shops,
          nicolae_shop_just_a_little_nook, chequers_ecumenical_altar_simple,
          chequers_serial_rivers_micro_e, nicolae_shop_unique_rings
D:2:      layout_rooms, basic_altar, amcnicky_mini_pool_small,
          uniq_crazy_yiuf_cottage

Skill      XL: |  1  2 |
---------------+-------+-----
Stealth        | 4 |  4.3
Dodging        | |  1.5
Spellcasting   | |  2.5
Ice Magic      | |  4.4

Action                     || total
---------------------------++-------
  Melee: Unarmed           ||    11
         Dagger            ||    10
   Cast: Freeze            ||    45
Ability: Spit Poison       ||     4
   Stab: Sleeping          ||     2
 Armour: Robe              ||    52
  Dodge: Dodged            ||    42
